 Dungeon Crawl Stone Soup version 0.29.1-1-gd02db6906a (webtiles) character file.

Game seed: 6997133843031743883

3 dave1331 the Grappler (level 1, -1/17 HPs)
             Began as a Gnoll Wanderer on Oct 2, 2022.
             Slain by a gnoll
             ... wielding a +0 flail
              (7 damage)
             ... on level 1 of the Dungeon.
             The game lasted 00:00:20 (333 turns).

dave1331 the Grappler (Gnoll Wanderer)               Turns: 333, Time: 00:00:21

Health: -1/17      AC:  6    Str: 13    XL:     1   Next: 50%
Magic:  1/1        EV: 11    Int: 10    God:
Gold:   5          SH:  0    Dex: 10    Spells: 0/0 levels left

rFire   . . .      SeeInvis .   a - +0 club
rCold   . . .      Faith    .   (no shield)
rNeg    . . .      Spirit   .   d - +0 ring mail
rPois   .          Reflect  .   (no helmet)
rElec   .          Harm     .   (no cloak)
rCorr   .          Rampage  .   (no gloves)
Will    .....                   (no boots)
Stlth   +.........              (no amulet)
HPRegen 0.05/turn               (no ring)
MPRegen 0.07/turn               (no ring)

@: no status effects
A: fangs 1, strong nose, distributed training
a: no special abilities


You were on level 1 of the Dungeon.
You visited 1 branch of the dungeon, and saw 1 of its levels.

You collected 5 gold pieces.

Inventory:

Hand Weapons
 a - a +0 club (weapon)
Armour
 d - a +0 ring mail (worn)
Scrolls
 b - a scroll of fear
 e - a scroll of blinking
Potions
 c - a potion of lignification
 f - a potion of heal wounds


   Skills:
 + Level 2.3 Fighting
 + Level 0.0 Short Blades
 + Level 0.0 Long Blades
 + Level 0.0 Axes
 + Level 0.0 Maces & Flails
 + Level 0.0 Polearms
 + Level 0.0 Staves
 + Level 0.0 Ranged Weapons
 + Level 0.0 Throwing
 + Level 6.4 Armour
 + Level 2.3 Dodging
 + Level 2.1 Stealth
 + Level 0.0 Shields
 + Level 8.4 Unarmed Combat
 + Level 0.0 Spellcasting
 + Level 0.0 Conjurations
 + Level 0.0 Hexes
 + Level 0.0 Summonings
 + Level 0.0 Necromancy
 + Level 0.0 Translocations
 + Level 0.0 Transmutations
 + Level 0.0 Fire Magic
 + Level 0.0 Ice Magic
 + Level 0.0 Air Magic
 + Level 0.0 Earth Magic
 + Level 0.0 Poison Magic
 + Level 0.1 Invocations
 + Level 0.0 Evocations


You couldn't memorise any spells.
You didn't know any spells.
Your spell library was empty.

Dungeon Overview and Level Annotations

Branches:
Dungeon (1/15)

Altars:


Innate Abilities, Weirdness & Mutations

You have very sharp teeth.
Your uncanny sense of smell can sniff out nearby items.
Your experience applies equally to all skills.


Message History

You kill the endoplasm!
The frilled lizard misses you.
The frilled lizard bites you but does no damage.
The frilled lizard attacks as you move away!
The frilled lizard closely misses you.
The frilled lizard hisses.
You hit the frilled lizard.
You kill the frilled lizard!
You see here a frilled lizard corpse.
You start resting.
HP restored.
A gnoll comes into view. It is wielding a +0 flail.
The gnoll shouts!
A gnoll is nearby!
A goblin comes into view. It is wielding a +0 dagger.
You barely miss the goblin. You bite the goblin.
The goblin is moderately wounded.
The goblin hits you with a +0 dagger.
You hit the goblin.
You kill the goblin!
A hobgoblin comes into view.
You see here a +0 dagger.
The gnoll attacks as you move away! The gnoll closely misses you.
You hit the gnoll.
The gnoll is lightly wounded.
The gnoll barely misses you. The hobgoblin completely misses you.
The gnoll hits you but does no damage. The hobgoblin closely misses you.
You hit the gnoll.
The gnoll is moderately wounded.
The hobgoblin hits you but does no damage.
The gnoll hits you with a +0 flail.
You hit the gnoll but do no damage.
The gnoll is moderately wounded.
The hobgoblin hits you but does no damage.
The gnoll closely misses you.
You hit the gnoll.
The gnoll is severely wounded.
The gnoll hits you with a +0 flail! The hobgoblin closely misses you.
The gnoll hits you with a +0 flail!
You die...

#........
..#######........
####.#.............. #
.[#.#..............
#.###.#.#.............
....g.$#..........#
#####....#.......g..#
#...#....#...).g@...#
#.#.#...............#
#.#.รท...............#
#.####.#............#
#.# #.#..##..#######
#.# #.#...##...
#.####.#.#.######
#....#.#.#.#
.....#.#.#.#


You could see a gnoll and a hobgoblin.

Vanquished Creatures
  An endoplasm (D:1)
  A goblin (D:1)
  A frilled lizard (D:1)
3 creatures vanquished.

Notes
Turn   | Place    | Note
-------+----------+-------------------------------------------
     0 | D:1      | dave1331 the Gnoll Wanderer began the quest for the Orb.
     0 | D:1      | dave1331 set off with the following items: a +0 club, a
                  | scroll of fear, a potion of lignification, a +0 ring mail,
                  | a scroll of blinking, a potion of heal wounds.
     0 | D:1      | Reached XP level 1. HP: 17/17 MP: 1/1
   333 | D:1      | Slain by a gnoll

Illustrated notes

Levels and vault maps discovered:
D:1:      lightli_arrival_isolated_outpost, layout_basic,
          hellmonk_ecumenical_altar_prayer_group

Action                   || total
-------------------------++-------
Melee: Club              ||    11
       Bite              ||     1
Armor: Ring mail         ||     4
Dodge: Dodged            ||     8
